Map: Blackrock LE

Players

RAERAS - Winner!

  • Race: Protoss Protoss
  • League: Bronze

Cripak

  • Race: Zerg Zerg

VOD

Have the link to the VOD?

Description

My first game

Time

  • Played on: Nov. 10, 2026, 5:54 a.m.
  • Length: 15:10
Show
View Real Time Build Order
Export as new Build Order

RAERAS Protoss - Winner!

Build Orders:  

Get SALT Encoding   

  12  0:01  Probe  
  13  0:13  Probe  
  14  0:23  Pylon  
  14  0:25  Probe  
  15  0:41  Probe  
  16  0:47  Gateway  
  16  0:53  Probe  
  17  0:57  Assimilator  
  17  1:01  Assimilator  
  17  1:05  Probe  
  18  1:18  Probe  
  19  1:30  Probe  
  20  1:41  Zealot, Cybernetics Core  
  20  1:42  Probe  
  23  2:06  Pylon  
  23  2:10  Pylon  
  23  2:12  Pylon  
  23  2:17  Warp Gate (Chrono Boost)  
  23  2:24  Zealot, Probe  
  26  2:36  Probe  
  27  2:49  Probe  
  28  2:51  Stalker  
  30  2:58  Nexus  
  30  3:00  Shield Battery  
  30  3:01  Probe  
  31  3:07  Forge  
  31  3:16  Probe  
  32  3:27  Pylon  
  32  3:28  Probe  
  32  3:30  Pylon  
  32  3:33  Pylon  
  33  3:46  Probe  
  34  3:58  Probe  
  34  4:01  Gateway  
  34  4:02  Stalker  
  37  4:03  Gateway  
  37  4:07  Protoss Shields Level 1  
  37  4:11  Probe (Chrono Boost)  
  37  4:12  Probe (Chrono Boost)  
  39  4:23  Probe (Chrono Boost)  
  41  4:24  Probe (Chrono Boost)  
  41  4:29  Probe (Chrono Boost), Sentry  
  44  4:31  Probe (Chrono Boost)  
  44  4:37  Probe (Chrono Boost)  
  46  4:39  Assimilator  
  46  4:41  Assimilator  
  46  4:42  Probe (Chrono Boost)  
  47  4:49  Probe (Chrono Boost)  
  47  4:52  Probe (Chrono Boost)  
  49  4:55  Probe (Chrono Boost)  
  49  4:57  Probe (Chrono Boost)  
  51  5:02  Gateway  
  51  5:03  Gateway  
  51  5:05  Pylon  
  51  5:08  Probe, Pylon  
  51  5:13  Probe  
  53  5:15  Stalker  
  53  5:20  Probe  
  56  5:25  Probe  
  57  5:35  Probe  
  58  5:37  Probe  
  58  5:41  Stalker x2  
  58  5:42  Nexus  
  64  5:50  Probe x2  
  65  6:02  Probe x2  
  67  6:14  Pylon  
  67  6:17  Pylon  
  67  6:19  Pylon  
  67  6:24  Robotics Facility  
  67  6:27  Gateway  
  67  6:28  Stalker  
  67  6:29  Stalker x2  
  67  6:32  Gateway  
  73  6:50  Stalker x2  
  77  7:02  Stalker x3  
  79  7:10  Probe x2  
  79  7:13  Probe  
  80  7:22  Immortal, Probe  
  80  7:23  Probe  
  80  7:24  Stalker x2  
  80  7:25  Stalker, Probe  
  89  7:32  Shield Battery  
  89  7:35  Probe  
  89  7:36  Photon Cannon  
  88  7:40  Photon Cannon  
  88  7:41  Probe  
  88  7:42  Probe  
  90  7:45  Stalker x2  
  90  7:47  Probe  
  95  7:53  Probe  
  95  7:54  Probe  
  97  7:59  Probe  
  97  8:02  Immortal  
  102  8:06  Probe x2  
  102  8:11  Probe  
  105  8:13  Nexus  
  105  8:17  Assimilator  
  105  8:18  Probe x2  
  106  8:20  Assimilator  
  102  8:42  Nexus  
  102  8:51  Pylon, Probe x3  
  102  8:55  Pylon  
  105  8:58  Pylon  
  105  9:03  Probe x3  
  105  9:07  Immortal  
  112  9:10  Stalker  
  112  9:11  Stalker x3  
  112  9:13  Stalker x2  
  112  9:15  Stalker  
  126  9:25  Probe x3  
  129  9:37  Probe x3  
  106  9:46  Immortal  
  106  9:49  Probe x3  
  103  10:00  Pylon  
  103  10:01  Probe x2  
  103  10:02  Pylon  
  103  10:05  Pylon  
  105  10:07  Pylon  
  105  10:09  Probe  
  105  10:13  Probe x2  
  102  10:21  Probe  
  103  10:25  Probe x2  
  103  10:26  Immortal  
  109  10:31  Stalker x3  
  109  10:32  Stalker x3  
  109  10:33  Stalker, Probe  
  124  10:37  Probe x2  
  124  10:40  Protoss Ground Armor Level 1  
  124  10:41  Protoss Air Weapons Level 1 (Chrono Boost)  
  126  10:51  Probe x3  
  126  10:55  Stalker  
  126  10:56  Stalker x4  
  135  10:58  Stalker  
  135  11:03  Probe x3  
  140  11:05  Immortal  
  140  11:10  Assimilator  
  144  11:11  Assimilator  
  144  11:15  Probe x2  
  144  11:16  Stalker  
  146  11:37  Robotics Facility  
  146  11:40  Robotics Bay  
  146  11:42  Probe x2  
  146  11:44  Immortal  
  152  11:58  Stalker x3  
  152  11:59  Stalker x4  
  161  12:23  Pylon, Immortal  
  161  12:25  Pylon  
  161  12:27  Shield Battery  
  161  12:28  Photon Cannon  
  165  12:32  Photon Cannon  
  165  12:35  Photon Cannon  
  165  12:41  Probe x3  
  165  12:42  Protoss Ground Weapons Level 1, Protoss Air Armor Level 1  
  168  12:49  Stalker  
  168  12:50  Stalker x5  
  168  12:51  Stalker  
  182  12:53  Probe  
  183  13:03  Immortal  
  173  13:41  Nexus  
  173  13:42  Immortal  
  173  13:43  Stalker x2  
  173  13:44  Stalker x5  
  173  13:45  Pylon  
  173  13:47  Pylon  
  189  13:49  Pylon  
  189  13:52  Pylon  
  189  13:54  Pylon  
  181  14:14  Robotics Facility  
  187  14:33  Stalker x3  
  187  14:34  Stalker x3  
Show
View Real Time Build Order
Export as new Build Order

Cripak Zerg 

Build Orders: Pool First 

Get SALT Encoding   

  12  0:03  Drone  
  13  0:24  Spawning Pool  
  13  0:27  Drone  
  13  0:35  Overlord  
  13  0:44  Drone  
  14  0:53  Extractor, Drone  
  14  0:54  Drone  
  15  1:10  Queen  
  17  1:12  Drone x2  
  19  1:26  Zergling x2  
  19  1:31  Evolution Chamber  
  19  1:33  Drone  
  20  1:51  Drone  
  21  1:55  Extractor  
  21  1:56  Drone  
  21  2:10  Metabolic Boost  
  21  2:11  Drone  
  22  2:17  Hatchery  
  22  2:19  Drone  
  22  2:22  Overlord  
  22  2:25  Overlord  
  21  2:52  Drone  
  21  2:53  Drone x5  
  27  3:14  Zerg Ground Armor Level 1  
  27  3:19  Roach Warren  
  26  3:21  Burrow  
  26  3:26  Drone  
  26  3:27  Drone  
  28  3:37  Queen  
  30  3:41  Zergling x4  
  32  3:59  Drone x4  
  36  4:13  Pneumatized Carapace  
  36  4:37  Baneling Nest  
  35  4:49  Roach  
  35  4:50  Roach x3  
  41  5:09  Zerg Melee Weapons Level 1  
  41  5:10  Drone x3  
  44  5:15  Overlord x3  
  44  5:16  Overlord x2  
  44  5:27  Lair  
  44  5:34  Zergling x6  
  47  5:39  Queen  
  49  5:52  Zergling x2  
  49  5:53  Zergling x10  
  55  5:58  Roach x2  
  55  6:03  Extractor  
  58  6:05  Extractor  
  57  6:17  Roach x2  
  61  6:26  Glial Reconstitution  
  61  6:31  Centrifugal Hooks  
  61  6:38  Hatchery  
  60  6:40  Drone x2  
  60  6:41  Drone x2  
  60  6:42  Drone x2  
  60  6:44  Drone x2  
  60  6:46  Drone x3  
  65  7:11  Roach x6  
  60  7:19  Roach  
  60  7:20  Roach x8  
  76  7:23  Roach x5  
  76  7:26  Overlord x2  
  76  7:27  Overlord  
  74  7:44  Tunneling Claws  
  74  7:45  Zergling x2  
  74  7:46  Zergling x4  
  77  7:54  Drone  
  77  7:55  Drone x6  
  84  8:00  Extractor x2  
  82  8:08  Zergling x4  
  84  8:30  Roach x14  
  84  8:40  Zergling x2  
  84  8:41  Zergling x14  
  92  8:46  Baneling x5  
  92  8:47  Baneling  
  92  8:48  Zergling x4  
  94  8:54  Ravager x4  
  73  9:57  Roach x13  
  73  9:58  Roach x3  
  86  10:16  Zergling x8  
  87  10:28  Overseer  
  87  10:39  Zergling x8  
  83  10:58  Roach x13  
  81  11:23  Roach x6  
  81  11:24  Roach x2  
  95  11:33  Roach x12  
  95  11:36  Zergling x2  
  95  11:37  Zergling x2  
  95  11:38  Baneling x3  
  95  11:39  Baneling  
  93  11:57  Roach x11  
  91  12:10  Zergling x2  
  91  12:11  Zergling x10  
  97  12:17  Ravager  
  97  12:19  Overlord  
  97  12:20  Overlord x5  
  95  12:29  Spine Crawler  
  87  12:31  Spine Crawler  
  87  12:32  Spine Crawler  
  87  12:36  Ravager x2  
  53  12:55  Spine Crawler x2  
  53  12:56  Spine Crawler  
  53  12:57  Spine Crawler x2  
  53  12:58  Spine Crawler x2  
  47  12:59  Spine Crawler  
  47  13:00  Zergling x10, Spine Crawler  
  47  13:01  Zergling x2, Spine Crawler  
  49  13:13  Overseer  
  49  13:20  Baneling x2  
  49  13:21  Baneling x12  
  49  13:23  Roach x3  
  44  13:43  Zergling x2  
  44  13:44  Zergling x10  
  44  13:45  Zergling x6  
  47  13:55  Spine Crawler  
  41  13:59  Spine Crawler  
  41  14:00  Spine Crawler x2  
  36  14:07  Roach  
  36  14:08  Roach  
  30  14:15  Spine Crawler  
  30  14:16  Spine Crawler x2  
  24  14:17  Spine Crawler  
  24  14:20  Spine Crawler x2  
  24  14:21  Spine Crawler x2  
  20  14:24  Zergling x4  
  20  14:29  Ravager  
  20  14:30  Ravager  
  23  14:41  Spine Crawler  
Tags
 
Add a new tag
Caveats
  • Supply blocks, unpowered buildings, or Contaminate may cause inaccurate times.
  • Supply counts are checked every 10 seconds.